 Dungeon Crawl Stone Soup version 0.32-a0-871-ge202e49faa (webtiles) character file.

Game seed: 6688734999736897737

665 Biggs the Skirmisher (level 7, -1/50 HPs)
             Began as a Coglin Hunter on Mar 30, 2024.
             Slain by a killer bee (7 damage)
             ... on level 5 of the Dungeon.
             The game lasted 00:06:11 (2410 turns).

Biggs the Skirmisher (Coglin Hunter)                Turns: 2410, Time: 00:06:11

Health: -1/50      AC:  5    Str: 12    XL:     7   Next: 57%
Magic:  7/7        EV: 11    Int:  8    God:
Gold:   166        SH:  0    Dex: 19    Spells: 6/6 levels left

rFire   . . .        a - +2 sling {Qiu}
rCold   . . .        d - +0 sling {Agustín}
rNeg    . . .        c - +0 leather armour
rPois   .            (no helmet)
rElec   .            r - +0 cloak
rCorr   .            t - +0 pair of gloves
SInv    .            (no boots)
Will    +....        (amulet unavailable)
Stlth   ++           (ring unavailable)
HPRegen 0.28/turn    (ring unavailable)
MPRegen 0.10/turn    (no gizmo)

%: no passive effects
@: about to teleport, enlightened, flying
A: off-hand wielding, slow wielding, warmup strikes, no jewellery
a: Invent Gizmo


You were on level 5 of the Dungeon.
You visited 1 branch of the dungeon, and saw 4 of its levels.

You collected 166 gold pieces.

Inventory:

Hand Weapons
 a - a +2 sling (weapon) {Qiu}
 d - a +0 sling (offhand) {Agustín}
Armour
 c - a +0 leather armour (worn)
 r - a +0 cloak (worn)
 t - a +0 pair of gloves (worn)
Wands
 u - a wand of polymorph (10)
 x - a wand of flame (20)
Scrolls
 g - 3 scrolls of teleportation
 k - a scroll of revelation
 o - 3 scrolls of noise
 w - a scroll of immolation
Potions
 e - a potion of might {unknown}
 h - 2 potions of brilliance {unknown}
 i - 2 potions of heal wounds {unknown}
 j - 2 potions of enlightenment
 m - a potion of lignification {unknown}
 n - 2 potions of curing {unknown}
 p - a potion of mutation {unknown}
 v - a potion of degeneration {unknown}
 z - a potion of haste {unknown}
 A - a potion of ambrosia {unknown}


   Skills:
 - Level 2.0 Fighting
 + Level 8.2 Ranged Weapons
 - Level 1.7 Dodging
 - Level 0.7 Stealth


You had 6 spell levels left.
You didn't know any spells.
Your spell library was empty.

Dungeon Overview and Level Annotations

Branches:
Dungeon (3/15)

Altars:
Elyvilon
Ru

Annotations:
D:3 3 runed translucent doors


Innate Abilities, Weirdness & Mutations

You can wield a second weapon in your off-hand.
It takes a long time for you to wield or remove held weapons.
Your first few attacks do less damage.
You cannot equip rings or amulets.


Message History

The killer bee closely misses you.
The killer bee closely misses your butterfly.
The killer bee closely misses something.
Unknown command.
You swap places.
You feel sick. The killer bee stings your butterfly.
Your butterfly dies!
Your butterfly disappears in a burst of colours!
The killer bee closely misses your butterfly.
The killer bee closely misses something.
The killer bee completely misses your butterfly. x2
The killer bee completely misses something.
You swap places.
You feel sick.
The killer bee completely misses your butterfly. x2
The killer bee misses your butterfly. x2; The killer bee stings your butterfly!
Your butterfly dies!
Your butterfly disappears in a burst of colours!
The killer bee misses your butterfly.
You swap places.
You feel sick.
The killer bee closely misses your butterfly.
The killer bee misses your butterfly.
You feel sick.
The killer bee misses your butterfly. x2
You feel sick.
You feel sick.
You feel sick.
You feel sick.
You are no longer poisoned.
The killer bee stings you but does no damage.
Okay, then.
Blink to where?
Press: ? - help, Dir - move target, p - killer bee
As you read the scroll of blinking, it crumbles to dust.
As you read the scroll labelled LIOV HINEISEAV, it crumbles to dust.
You assume a fearsome visage.
The killer bee looks frightened! x2
It was a scroll of fear.
As you read the scroll labelled HAYHUR CUGHI, it crumbles to dust.
You feel strangely unstable.
It was a scroll of teleportation.
Unknown command.
The killer bee attacks as it pursues you!
The killer bee stings you!
You die...

#.............# #.....
#......)....#..# #..###
#......)....##..###..#..
#...........# #..^......
#...........# ####..###
########)#### #.....
####[)##########....
#....)##......######
###..@...#......#
#.....y..#......######
#.#......+......##....
.................'.....
#.####.####.......##....
... #.y.....#####. #....
#.......#####. #....
#.#.y####..... ....
..#...# #.....


You could see 3 killer bees.

Vanquished Creatures
  3 black bears (D:5)
  An ice beast (D:5)
  A centaur (D:5)
  A hound (D:5)
  An orc priest (D:5)
  Jessica (D:3)
  An iguana (D:5)
  4 gnolls (D:5)
  An adder (D:2)
  2 ufetubi (D:5)
  4 orcs (D:5)
  2 ball pythons (D:1)
  3 bats
  2 endoplasms (D:1)
  A giant cockroach (D:1)
  8 goblins (D:3)
  6 hobgoblins
  4 jackals (D:3)
  2 quokkas (D:1)
  2 frilled lizards
  6 kobolds
  3 rats
59 creatures vanquished.

Notes
Turn   | Place    | Note
-------+----------+-------------------------------------------
     0 | D:1      | Biggs the Coglin Hunter began the quest for the Orb.
     0 | D:1      | Reached XP level 1. HP: 16/16 MP: 1/1
   151 | D:1      | Reached skill level 4 in Ranged Weapons
   151 | D:1      | Reached XP level 2. HP: 22/22 MP: 2/2
   826 | D:2      | Reached XP level 3. HP: 27/27 MP: 3/3
  1344 | D:3      | Found a white marble altar of Elyvilon.
  1475 | D:3      | Found a runed translucent gate.
  1475 | D:3      | Found a runed translucent gate.
  1475 | D:3      | Found a runed translucent gate.
  1499 | D:3      | Found a sacrificial altar of Ru.
  1695 | D:3      | Noticed Jessica
  1699 | D:3      | Killed Jessica
  1700 | D:3      | Reached skill level 5 in Ranged Weapons
  1700 | D:3      | Reached XP level 4. HP: 33/33 MP: 4/4
  1714 | D:3      | You fall into a shaft and drop 2 floors!
  1714 | D:5      | Entered Level 5 of the Dungeon
  1778 | D:5      | Noticed an ice beast
  1782 | D:5      | Reached XP level 5. HP: 38/38 MP: 5/5
  1789 | D:5      | Killed an ice beast
  1790 | D:5      | Reached skill level 6 in Ranged Weapons
  1963 | D:5      | Reached XP level 6. HP: 37/44 MP: 6/6
  2022 | D:5      | Noticed a black bear
  2030 | D:5      | Killed a black bear
  2031 | D:5      | Reached skill level 7 in Ranged Weapons
  2156 | D:5      | Noticed a black bear
  2158 | D:5      | Noticed a black bear
  2178 | D:5      | Killed a black bear
  2179 | D:5      | Reached XP level 7. HP: 27/50 MP: 7/7
  2183 | D:5      | Reached skill level 8 in Ranged Weapons
  2410 | D:5      | Slain by a killer bee

Illustrated notes

Levels and vault maps discovered:
D:1:      dpeg_arrival_three_same_balls, layout_loops_ring,
          minmay_misc_feat_pillars
D:2:      layout_basic, chequers_serial_rivers_micro_d, nrook_mini_vaults
D:3:      cheibrodos_greedy_goblins, layout_basic, old_standard_altar,
          lemuel_coloured_pillars_altar, gammafunk_temple_overflow_wave,
          gammafunk_ghost_cemetery, uniq_jessica, uniq_grinder
D:5:      layout_basic, old_standard_altar

Skill      XL: |  1  2  3  4  5  6  7 |
---------------+----------------------+-----
Ranged Weapons | 4 5 6 7 8 |  8.2
Fighting       | |  2.0
Dodging        | |  1.7
Stealth        | |  0.7

Action                     |  1- 3 |  4- 6 |  7- 9 || total
---------------------------+-------+-------+-------++-------
   Fire: Sling             |   160 |   122 |    24 ||   306
    Use: Scroll            |       |     6 |     4 ||    10
         Potion            |       |       |     1 ||     1
 Armour: Leather armour    |    11 |    25 |    19 ||    55
  Dodge: Dodged            |     7 |    14 |    13 ||    34

Table legend: (Time is in decaauts)
 A = Elapsed time spent in this place.
 B = Non-inter-level travel time spent in this place.
 C = Inter-level travel time spent in this place.
 D = Time resting spent in this place.
 E = Time spent auto-exploring this place.
 F = Levels seen in this place.
 G = Mean time per level.
                   A        B        C        D        E       F      G
               +--------+--------+--------+--------+--------+-----+--------+
         Total |   2435 |   2417 |     18 |      0 |   2065 |   4 |  608.8 |
       Dungeon |   2435 |   2417 |     18 |      0 |   2065 |   4 |  608.8 |
               +--------+--------+--------+--------+--------+-----+--------+

Top non-repeatable levels by time:
     D:5: 703 daAuts
     D:2: 660 daAuts
     D:1: 620 daAuts
     D:3: 450 daAuts
